Map: Frostline LE

Players

llllllllllll - Winner!

  • Race: Terran Terran
  • Spawn Location: 1:00

Neytle

  • Race: Terran Terran
  • League: Diamond
  • Spawn Location: 7:00

VOD

Have the link to the VOD?

Description

Time

  • Played on: April 24, 2025, 6:28 p.m.
  • Length: 6:04
Show
View Real Time Build Order
Export as new Build Order

llllllllllll Terran - Winner!

Build Orders: Reaper Expand 

Get SALT Encoding   

  12  0:00  SCV  
  13  0:13  SCV  
  14  0:17  Supply Depot  
  14  0:25  SCV  
  15  0:39  SCV  
  15  0:40  Barracks  
  16  0:45  Refinery  
  16  0:51  SCV  
  17  1:03  SCV  
  18  1:15  SCV  
  19  1:28  Orbital Command  
  19  1:29  Reaper  
  20  1:45  Command Center  
  20  1:53  Supply Depot  
  20  1:56  SCV  
  21  2:02  Barracks Reactor  
  21  2:08  SCV  
  22  2:12  Barracks  
  22  2:20  SCV  
  23  2:24  Factory  
  23  2:31  Refinery  
  23  2:36  SCV  
  24  2:39  Marine x2  
  26  2:49  SCV  
  27  2:57  Marine x2  
  27  2:58  Orbital Command  
  29  3:02  Barracks Tech Lab  
  29  3:07  SCV  
  30  3:14  Starport  
  30  3:15  Marine x2  
  30  3:16  Factory Reactor  
  30  3:19  SCV  
  33  3:20  Marine  
  33  3:26  SCV  
  35  3:33  Marine x2, Stimpack  
  37  3:38  Marine  
  37  3:40  Supply Depot  
  38  3:43  SCV  
  38  3:44  SCV  
  40  3:50  Marine  
  40  3:51  Marine  
  40  3:55  SCV  
  42  3:58  SCV  
  42  3:59  Marine, Supply Depot  
  44  4:03  Medivac  
  44  4:07  Medivac, SCV  
  49  4:10  SCV  
  49  4:11  Marine  
  49  4:14  Marine  
  52  4:17  Factory Tech Lab  
  52  4:18  Marine  
  52  4:19  SCV  
  52  4:22  SCV  
  52  4:23  Supply Depot  
  55  4:29  Marine  
  56  4:31  SCV  
  56  4:32  Marine  
  56  4:35  Medivac, SCV  
  58  4:50  SCV  
  58  4:51  Marine  
  62  4:55  Marine  
  62  4:58  Siege Tank  
  62  4:59  Command Center  
  64  5:00  SCV  
  64  5:02  Refinery, SCV  
  64  5:05  Marine  
  67  5:10  Supply Depot x2  
  67  5:15  Marine  
  67  5:19  SCV  
  67  5:20  SCV  
  67  5:21  Refinery  
  68  5:31  SCV  
  68  5:32  SCV  
  69  5:36  Barracks  
  69  5:38  Engineering Bay  
  69  5:39  Engineering Bay  
  69  5:40  Marine x3  
  72  5:54  Supply Depot  
  72  5:56  Supply Depot  
Show
View Real Time Build Order
Export as new Build Order

Neytle Terran 

Build Orders:  

Get SALT Encoding   

  12  0:00  SCV  
  13  0:13  SCV  
  14  0:17  Supply Depot  
  14  0:25  SCV  
  15  0:30  Refinery  
  15  0:39  SCV  
  16  0:48  Barracks  
  16  0:51  SCV  
  17  1:03  SCV  
  18  1:15  SCV  
  19  1:35  Orbital Command  
  19  1:36  Barracks Tech Lab  
  19  1:38  Supply Depot  
  19  1:54  Stimpack  
  19  1:57  Marine  
  20  2:01  SCV  
  21  2:10  Command Center  
  21  2:15  Marine  
  22  2:18  SCV  
  23  2:24  Barracks  
  23  2:33  SCV  
  23  2:35  Barracks  
  24  2:41  Marine  
  25  2:51  SCV  
  26  2:59  Marine  
  26  3:03  SCV  
  28  3:13  Marine, Supply Depot  
  28  3:16  SCV  
  28  3:17  Marine  
  31  3:21  Marine  
  32  3:28  SCV  
  32  3:31  Marine  
  32  3:33  Combat Shield  
  34  3:35  Marine, Engineering Bay  
  34  3:39  Marine  
  34  3:40  SCV  
  37  3:48  Marine  
  37  3:53  Marine  
  37  3:54  Orbital Command  
  39  4:01  SCV  
  41  4:07  Barracks Reactor  
  41  4:08  Barracks Reactor  
  40  4:11  Marine  
  40  4:13  SCV  
  40  4:14  Refinery  
  42  4:24  SCV  
  43  4:25  SCV  
  43  4:29  Marine  
  45  4:36  SCV  
  45  4:37  SCV  
  37  4:45  Marine  
  37  4:46  Marine x2  
  37  4:47  Marine  
  37  4:48  Marine  
  42  4:53  Engineering Bay, SCV x2  
  44  5:03  Marine x2  
  44  5:04  Marine x2  
  44  5:05  SCV x2  
  50  5:13  Marine  
  51  5:17  Barracks  
  51  5:18  SCV  
  51  5:20  Barracks  
  51  5:21  Marine  
  52  5:23  Orbital Command  
  51  5:35  Marine x4  
  44  5:39  Marine  
Tags
 
League
Diamond
Matchup
ТvТ
Spawn Locations
Cross Positions
Add a new tag
Caveats
  • Supply blocks, unpowered buildings, or Contaminate may cause inaccurate times.
  • Supply counts are checked every 10 seconds.